 Dungeon Crawl Stone Soup version 0.17.0-28-g6e173f8 (webtiles) character file.

37 coffecat the Firebug (level 3, -14/21 HPs)
             Began as a High Elf Fire Elementalist on Nov 28, 2015.
             Was an Initiate of Nemelex Xobeh.
             Demolished by a gnoll
             ... wielding a +0 halberd
              (18 damage)
             ... on level 3 of the Dungeon.
             The game lasted 00:08:27 (1686 turns).

coffecat the Firebug (High Elf Fire Elementalist)   Turns: 1686, Time: 00:08:27

Health: -14/21     AC:  2    Str:  7    XL:     3   Next: 21%
Magic:  6/8        EV: 13    Int: 20    God:    Nemelex Xobeh [......]
Gold:   22         SH:  0    Dex: 15    Spells: 2 memorised, 4 levels left

rFire  . . .     SeeInvis .     (no weapon)
rCold  . . .     Clarity  .     a - +0 robe
rNeg   . . .     SustAt   .     (no shield)
rPois  .         Gourm    .     (no helmet)
rElec  .         Spirit   .     (no cloak)
rCorr  .         Warding  .     (no gloves)
rMut   .         Stasis   .     (no boots)
MR     .....                    (no amulet)
Stlth  ++........               (no ring)
                                (no ring)

@: very slightly contaminated, not resistant to hostile enchantments, unstealthy
A: no striking features
a: Renounce Religion


You were on level 3 of the Dungeon.
You worshipped Nemelex Xobeh.
Nemelex Xobeh was noncommittal.
You were not hungry.

You visited 1 branch of the dungeon, and saw 3 of its levels.

You collected 22 gold pieces.

Inventory:

Armour
 a - a +0 robe (worn)
Scrolls
 d - a scroll of immolation {unknown}
 e - a scroll of remove curse {unknown}
 f - 2 scrolls of identify {unknown}
 h - a scroll of recharging {unknown}
 j - a scroll of blinking {unknown}
 m - a scroll of amnesia {unknown}
 n - a scroll of magic mapping {unknown}
Potions
 g - 2 potions of agility {unknown}
 i - a potion of poison {unknown}
 k - a potion of curing {unknown}
 l - 3 potions of heal wounds {unknown}
 o - 2 potions of brilliance {unknown}
Books
 b - a book of Flames

   Spells                             Type                      Level
   a - Flame Tongue                   Conjuration/Fire             1
   b - Throw Flame                    Conjuration/Fire             2
   c - Conjure Flame                  Conjuration/Fire             3
   d - Inner Flame                    Hexes/Fire                   3
   e - Sticky Flame                   Conjuration/Fire             4
   f - Fireball                       Conjuration/Fire             5
 c - a book of Envenomations

   Spells                             Type                      Level
   a - Spider Form                    Transmutation/Poison         3
   b - Alistair's Intoxication        Transmutation/Poison         4
   c - Olgreb's Toxic Radiance        Poison                       4
   d - Poisonous Cloud                Conjuration/Poison/Air       6
Miscellaneous
 p - a plain deck of destruction {drawn: 1}
 q - a plain deck of war


   Skills:
 + Level 2.6 Dodging
 + Level 2.3 Stealth
 + Level 2.9 Spellcasting
 + Level 1.4 Conjurations
 + Level 3.5 Fire Magic


You had 4 spell levels left.
You knew the following spells:

 Your Spells              Type           Power        Failure   Level  Hunger
a - Flame Tongue          Conj/Fire      ##...        6%          1    None
b - Throw Flame           Conj/Fire      ##....       10%         2    ##.....


Dungeon Overview and Level Annotations

Branches:
Dungeon (3/15)

Altars:
Nemelex Xobeh


Message History

Confirm with . or Enter, or press ? or * to list all spells.
Aiming: Flame Tongue
Press: ? - help, Shift-Dir - straight line, f/p - gnoll
Aim: a gnoll, wielding a halberd (heavily wounded)
The flame tongue misses the gnoll.
The gnoll closely misses you.
Casting: Flame Tongue
Confirm with . or Enter, or press ? or * to list all spells.
Aiming: Flame Tongue
Press: ? - help, Shift-Dir - straight line, f/p - gnoll
Aim: a gnoll, wielding a halberd (heavily wounded)
You miscast Flame Tongue.
You are very lightly contaminated with residual magic.
Wisps of smoke drift from your hands.
The gnoll hits you from afar with a halberd!
Ouch! That really hurt!
* * * LOW HITPOINT WARNING * * *
The gnoll hits you from afar with a halberd!!
Ouch! That really hurt!
You die...
Your body disappears without a glow.

######## #.@....#
#### #.####.#
#######... .
###########g##
#......... .#
##.......g.g..#
#.###.....
#.##..#########..#
#.........
..)...## #..#
#.....#...
.#...g.# #..###.#
##.####### ##...##
#.)....# #.# ##g##
##.##### #.#


You could see 2 gnolls.

Vanquished Creatures
  An adder (D:2)
  A worm (D:2)
  An orc (D:3)
  2 bats
  A giant cockroach (D:2)
  5 hobgoblins
  3 kobolds
  3 quokkas (D:2)
  A giant newt (D:3)
  2 goblins
  2 rats
22 creatures vanquished.

Vanquished Creatures (collateral kills)
  A kobold (D:3)
1 creature vanquished.

Grand Total: 23 creatures vanquished

Notes
Turn   | Place    | Note
--------------------------------------------------------------
     0 | D:1      | coffecat the High Elf Fire Elementalist began the quest for the Orb.
     0 | D:1      | Reached XP level 1. HP: 11/11 MP: 4/4
   369 | D:2      | Reached XP level 2. HP: 17/17 MP: 3/6
   939 | D:2      | Learned a level 2 spell: Throw Flame
  1003 | D:3      | Reached XP level 3. HP: 21/21 MP: 6/8
  1490 | D:3      | Found a sparkling altar of Nemelex Xobeh.
  1500 | D:3      | Became a worshipper of Nemelex Xobeh the Trickster
  1557 | D:3      | Received a gift from Nemelex Xobeh
  1686 | D:3      | Demolished by a gnoll

Action                   || total
-------------------------++-------
Melee: Unarmed           ||     1
 Cast: Flame Tongue      ||    40
       Throw Flame       ||     1
Evoke: Deck              ||     1
  Eat: Bread ration      ||     1
       Chunk             ||     1
